[Event "*** Titled Tuesday Blitz"]
[Site "Chess.com"]
[Date "2020.05.19"]
[Round "4"]
[White "D0wnpour"]
[Black "themind1hunter"]
[Result "0-1"]
[WhiteElo "2560"]
[BlackElo "2382"]
[TimeControl "180+1"]
[EndTime "12:40:31 PDT"]
[Termination "themind1hunter won on time"]

1. d4 Nf6 2. c4 e6 3. Nc3 Bb4 4. Qc2 O-O 5. a3 Bxc3+ 6. Qxc3 b6 7.
Bg5 h6 8. Bh4 Bb7 9. e3 d6 10. Ne2 Nbd7 11. f3 c5 12. dxc5 bxc5 13. Rd1 Qb6 14. Qc2 Rab8 15. Nc3 d5 16. Be2 Bc6 17. Rd2 d4 18. exd4 cxd4 19. Nd1 e5 20. b4 a5 21. b5 Ba8 22. Nf2 Nc5 23. O-O Rbd8 24. Nd3 Nxd3 25. Bxd3 Qc5 26. Bxf6 gxf6 27. a4 Kh8 28. f4 e4 29. f5 exd3 30. Qxd3 Rg8 31.
Qh3 Kh7 32. Rf4 Qxc4 33. Rdf2 Qc1+ 34. Rf1 Rxg2+ 35. Qxg2 Qe3+ 36. R1f2 Bxg2 37. Kxg2 d3 38. R4f3 Qe4 39. Rd2 Rc8 40. Kg3 Rg8+ 41. Kf2 Qd4+ 0-1

[Event "*** Titled Tuesday Blitz"]
[Site "Chess.com"]
[Date "2020.05.19"]
[Round "4"]
[White "Grootneus"]
[Black "Herracek"]
[Result "0-1"]
[WhiteElo "2220"]
[BlackElo "2556"]
[TimeControl "180+1"]
[EndTime "12:40:31 PDT"]
[Termination "Herracek won by resignation"]

1. e4 c5 2. Nf3 Nc6 3. Bb5 g6 4. c3 Bg7 5. O-O Nf6 6. Re1 O-O 7. e5 Nd5 8. d4 cxd4 9. cxd4 d6 10. h3 Be6 11.
Nc3 Rc8 12. Ne4 dxe5 13. Bxc6 Rxc6 14. Nxe5 Rc7 15. Be3 Nxe3 16. Rxe3 b6 17. Nc3 Qb8 18. d5 Rd8 19. Qf3 Bf5 20. Nc6 Rxc6 21. dxc6 e5 22. Nb5 e4 23. Qe2 Qc8 24. g4 Be6 25. c7 Rd5 26. Rc1 Rc5 27. Rxc5 bxc5 28. Ra3 a6 29. Rxa6 Qxa6 30. Nd6 Qxe2 0-1

[Event "*** Titled Tuesday Blitz"]
[Site "Chess.com"]
[Date "2020.05.19"]
[Round "4"]
[White "amiralfio"]
[Black "MikeKorovin"]
[Result "0-1"]
[WhiteElo "2460"]
[BlackElo "2632"]
[TimeControl "180+1"]
[EndTime "12:40:32 PDT"]
[Termination "MikeKorovin won on time"]

1. e4 e6 2. d4 d5 3. Nd2 Nc6 4. Ngf3 Nf6 5. e5 Nd7 6. c3 f6 7. exf6 Qxf6 8. Bd3 e5 9. dxe5 Ndxe5 10. Nxe5 Nxe5 11.
Qe2 Bd6 12. f4 Qxf4 13. Nf3 Qg4 14. Nxe5 Qxe2+ 15. Bxe2 Bxe5 16. O-O Rf8 17. Re1 Kd8 18. Bg5+ Bf6 19. Rad1 c6 20. Bxf6+ Rxf6 21. c4 Rd6 22. cxd5 cxd5 23. Bf3 Be6 24. Re5 d4 25. b3 Rc8 26.
Bxb7 Rc2 27. Be4 Rxa2 28. Bxh7 Bxb3 29. Rde1 d3 30. Re8+ Kc7 31. R8e7+ Kb6 0-1

[Event "*** Titled Tuesday Blitz"]
[Site "Chess.com"]
[Date "2020.05.19"]
[Round "4"]
[White "Chessmasterzt"]
[Black "rekosheten"]
[Result "1-0"]
[WhiteElo "2584"]
[BlackElo "2365"]
[TimeControl "180+1"]
[EndTime "12:40:32 PDT"]
[Termination "Chessmasterzt won by resignation"]

1. d4 Nf6 2. c4 g6 3. Nf3 Bg7 4. g3 O-O 5. Bg2 d5 6. O-O dxc4 7. Na3 Be6 8. Ng5 Bd5 9. e4 h6 10. exd5 hxg5 11. Nxc4 Nxd5 12. Bxg5 Nc6 13. Ne3 Nb6 14.
Nc2 Re8 15. Re1 Nxd4 16. Bxb7 Rb8 17. Bg2 Nc4 18. Nxd4 Qxd4 19. Rc1 Nxb2 20. Qxd4 Bxd4 21. Rxc7 Nd3 22. Re2 Rb1+ 23. Bf1 Nxf2 24. Kg2 Rb2 25. Rxb2 Bxb2 26. Kxf2 Be5 27. Rxe7 Rxe7 28. Bxe7 Bd4+ 29. Kf3 f5 30. Bc4+ Kg7 31. h4 Bb6 32. Bg5 Kh7 33.
Be3 Kg7 34. Bxb6 axb6 35. Kf4 Kf6 36. Bb5 Ke6 37. Kg5 1-0

[Event "*** Titled Tuesday Blitz"]
[Site "Chess.com"]
[Date "2020.05.19"]
[Round "4"]
[White "StegariuVlad"]
[Black "rynos0411"]
[Result "1-0"]
[WhiteElo "2574"]
[BlackElo "2335"]
[TimeControl "180+1"]
[EndTime "12:40:32 PDT"]
[Termination "StegariuVlad won on time"]

1. e4 c6 2. d4 d5 3. exd5 cxd5 4. Bd3 Nc6 5. c3 Nf6 6. h3 g6 7. Nf3 Bg7 8. Nbd2 O-O 9. O-O Be6 10. Re1 Qc8 11.
Nf1 Bf5 12. Be2 Ne4 13. Ne3 Be6 14. Nd2 Nxd2 15. Bxd2 a6 16. a4 Rb8 17. a5 f5 18. Qb3 Qd7 19. Bf3 Rfd8 20. Nc2 Bf7 21. Bf4 Rbc8 22. Nb4 h6 23. Nd3 g5 24. Be5 Nxe5 25. Nxe5 Bxe5 26. Rxe5 e6 27. Ra4 Rc7 28. Rb4 Kg7 29. Rb6 h5 30. Qd1 Rh8 31. Be2 Rc6 32.
Qb3 Rc7 33. Bd1 h4 34. Qb4 Qc8 35. Bb3 Rd8 36. Ba2 Rdd7 37. Qb3 Rc6 38. Rb4 Kf6 39. Qd1 Kg7 40. Qd2 Kf6 41. Bb3 Rd8 42. Ba4 Rc7 43.
f4 g4 44. hxg4 fxg4 45. f5 Rg8 46. Qh6+ Ke7 47. Qxh4+ 1-0

[Event "*** Titled Tuesday Blitz"]
[Site "Chess.com"]
[Date "2020.05.19"]
[Round "4"]
[White "killer311"]
[Black "DinaBelenkaya"]
[Result "1-0"]
[WhiteElo "2410"]
[BlackElo "2202"]
[TimeControl "180+1"]
[EndTime "12:40:32 PDT"]
[Termination "killer311 won on time"]

1. d4 Nf6 2. c4 c5 3. d5 e5 4. Nc3 d6 5. g3 Be7 6. Bg2 a6 7. Nf3 b5 8. cxb5 axb5 9. Nxb5 Ba6 10.
Nc3 Nbd7 11. O-O Nb6 12. Re1 O-O 13. e4 Qd7 14. b3 Rfb8 15. Bd2 Bd8 16. Qc2 Ne8 17.
a4 Nc8 18. Rab1 Ba5 19. Nd1 Bxd2 20. Nxd2 Ne7 21. Ne3 Rb4 22. Nec4 Nc7 23. h3 Rab8 24. Kh2 f5 25. exf5 Ncxd5 26. g4 Nf4 27. Qc3 Bb7 28.
Bxb7 R8xb7 29. Ne4 Qc6 30. Ncxd6 Ned5 31. Qxc5 Qd7 32.
Nxb7 Qxb7 33. Nd6 Qa8 34. Qc8+ Qxc8 35. Nxc8 Nd3 36. Re2 Nc3 37. Rbb2 Nxe2 38. Rxe2 e4 39. Nd6 Rxb3 40. Nxe4 Nf4 41. Re3 Rb2 42. Ra3 1-0

[Event "*** Titled Tuesday Blitz"]
[Site "Chess.com"]
[Date "2020.05.19"]
[Round "4"]
[White "dragos420"]
[Black "Volodar_Murzin"]
[Result "0-1"]
[WhiteElo "2503"]
[BlackElo "2748"]
[TimeControl "180+1"]
[EndTime "12:40:33 PDT"]
[Termination "Volodar_Murzin won on time"]

1. e4 c6 2. Nc3 d5 3. Qf3 d4 4. Bc4 e6 5. Nce2 c5 6. d3 Nc6 7. Qg3 a6 8. a4 Bd7 9. f4 b5 10. Bb3 Nge7 11. Nf3 Na5 12. Ba2 b4 13. O-O b3 14. Bxb3 Nxb3 15. cxb3 Nc6 16. Ne5 f6 17. Nc4 Rb8 18. e5 Qc7 19. exf6 gxf6 20. f5 Qxg3 21.
Nxg3 e5 22. Ne4 Be7 23. Ncd2 Rg8 24. h3 Nb4 25. Rf3 Nc2 26. Rb1 Ne1 27. Rf1 Nxd3 28.
Nc4 Rxb3 29. Bd2 Bc6 0-1

[Event "*** Titled Tuesday Blitz"]
[Site "Chess.com"]
[Date "2020.05.19"]
[Round "4"]
[White "praveenb2002"]
[Black "CyberneticLion"]
[Result "1-0"]
[WhiteElo "2722"]
[BlackElo "2498"]
[TimeControl "180+1"]
[EndTime "12:40:34 PDT"]
[Termination "praveenb2002 won by resignation"]

1. e4 e5 2. Nf3 Nc6 3. Bb5 Nge7 4.
c3 g6 5. O-O Bg7 6. d4 exd4 7.
cxd4 a6 8. Ba4 b5 9. Bb3 O-O 10. d5 Na5 11. Bd2 c5 12. Bc3 d6 13. Bxg7 Kxg7 14.
Bc2 f6 15. Nbd2 Bg4 16. h3 Bxf3 17. Qxf3 Qd7 18. Rae1 Rae8 19. Qg3 Ng8 20. f4 Nh6 21. e5 fxe5 22. fxe5 Rxf1+ 23. Nxf1 dxe5 24. Rxe5 Nc4 25. Rxe8 Qxe8 26. Qc7+ Nf7 27. Qxc5 Qe5 28. b3 Ncd6 29. a4 bxa4 30. bxa4 h5 31. Bd3 a5 32. Bc2 Ne4 33. Bxe4 Qxe4 34. Qxa5 Qd4+ 35. Kh1 Ng5 36. Qc7+ Kh6 37. d6 Qd1 38. Kg1 Qd4+ 39. Kh1 Qd1 40. Qc4 Qxd6 41. Qc1 h4 42. Nh2 Kh5 43. Ng4 Qd5 44.
Nf6+ 1-0

[Event "*** Titled Tuesday Blitz"]
[Site "Chess.com"]
[Date "2020.05.19"]
[Round "4"]
[White "pavelalexandru07"]
[Black "PauloFanha"]
[Result "1/2-1/2"]
[WhiteElo "2218"]
[BlackElo "1957"]
[TimeControl "180+1"]
[EndTime "12:40:34 PDT"]
[Termination "Game drawn by repetition"]

1. e4 d5 2. exd5 Qxd5 3. Nc3 Qd6 4. Nf3 Nf6 5. d4 c6 6. Bc4 Bg4 7. Be3 e6 8. O-O Qc7 9. h3 Bxf3 10. Qxf3 Nbd7 11.
Rfe1 Bd6 12. Rad1 O-O-O 13. a3 h6 14. b4 g5 15. b5 Nb6 16. Bb3 Nfd5 17. Ne4 Nxe3 18.
Rxe3 cxb5 19. a4 b4 20. c3 Nd5 21. Bxd5 exd5 22. Nf6 Kb8 23. Nxd5 Qc6 24. cxb4 Bh2+ 25. Kxh2 Qxd5 26. Qxd5 Rxd5 27. Re7 Rhd8 28. Rxf7 Rxd4 29. Rxd4 Rxd4 30. Rf6 Rxb4 31. Rg6 Rxa4 32. Rxh6 b5 33. Rg6 b4 34. Rxg5 a6 35. Rg3 Ra3 36. Rg4 b3 37. Rb4+ Kc7 38. h4 a5 39. Rb5 Kc6 40. Rb8 Kc7 41.
Rb5 Kc6 42. Rb8 Kc7 43. Rb5 1/2-1/2

[Event "*** Titled Tuesday Blitz"]
[Site "Chess.com"]
[Date "2020.05.19"]
[Round "4"]
[White "Mykola-Bortnyk"]
[Black "Supernotar"]
[Result "1-0"]
[WhiteElo "2890"]
[BlackElo "2682"]
[TimeControl "180+1"]
[EndTime "12:40:35 PDT"]
[Termination "Mykola-Bortnyk won by checkmate"]

1. e4 c6 2. Qe2 g6 3. Nc3 d5 4. f4 dxe4 5. Nxe4 Bg7 6. Nf3 Nf6 7.
d3 O-O 8. g3 b6 9. Bg2 Bb7 10.
Nf2 c5 11. O-O Nc6 12. Re1 e6 13. c3 Qc7 14. Bd2 Rad8 15. Rad1 Rd7 16. c4 Rfd8 17.
Bc3 Ne8 18. h3 Nd4 19. Nxd4 cxd4 20. Bb4 Bxg2 21. Kxg2 a5 22. Ba3 Nd6 23. Bxd6 Qxd6 24. Qf3 Qb4 25. Re2 b5 26. Rc1 a4 27. Qc6 bxc4 28. Rxc4 Qb8 29. Rxa4 Rc7 30. Qf3 Rc1 31. Rc4 Rc8 32. b3 h6 33. h4 Qb5 34. h5 gxh5 35.
Ne4 R8xc4 36. dxc4 Qf5 37. Rd2 e5 38. a4 h4 39. g4 Qd7 40. f5 Qe7 41. f6 Qa3 42. fxg7 Qa1 43. Kh2 h3 44. g5 hxg5 45. Nxg5 d3 46. Qxf7# 1-0

[Event "*** Titled Tuesday Blitz"]
[Site "Chess.com"]
[Date "2020.05.19"]
[Round "4"]
[White "Karina_Ivanova"]
[Black "VolodymyrMolyboha"]
[Result "0-1"]
[WhiteElo "2205"]
[BlackElo "2413"]
[TimeControl "180+1"]
[EndTime "12:40:35 PDT"]
[Termination "VolodymyrMolyboha won by resignation"]

1. Nf3 g6 2. g3 Bg7 3. Bg2 Nf6 4. O-O O-O 5. d4 d6 6. c4 Nbd7 7. Nc3 e5 8. e4 c6 9. h3 Re8 10. Be3 exd4 11. Nxd4 Nc5 12. Qc2 a5 13. Rad1 Nfd7 14.
Rfe1 a4 15. b4 axb3 16. axb3 Qb6 17. Nce2 Ra3 18. Qb2 Qa7 19. Qc2 Ra2 20. Qb1 Ne5 21. b4 Ncd3 22. Rxd3 Nxd3 23. Qxd3 Qa4 24. b5 Ra3 25. Qc2 c5 26. Qxa4 Rxa4 27. Nb3 Rxc4 28. Nd2 Rb4 29. Rb1 Rxb1+ 30. Nxb1 Bd7 31. Nbc3 Ra8 32.
Bf1 Ra1 33. Kg2 f5 34. exf5 Bxf5 35. b6 Ra6 36. Nf4 Rxb6 37. Bc4+ Kf8 38. Ncd5 Rb2 39. Nc7 Be5 40. Nfe6+ Ke7 41. Bg5+ Kd7 42. Bb5+ Rxb5 43. Nxb5 Bxe6 0-1

[Event "*** Titled Tuesday Blitz"]
[Site "Chess.com"]
[Date "2020.05.19"]
[Round "4"]
[White "Everyfishknows"]
[Black "Belka1989"]
[Result "1-0"]
[WhiteElo "2393"]
[BlackElo "2144"]
[TimeControl "180+1"]
[EndTime "12:40:35 PDT"]
[Termination "Everyfishknows won by checkmate"]

1. e4 e5 2. Nf3 Nc6 3. d4 exd4 4. Bc4 Nf6 5. e5 d5 6. Bb5 Ne4 7. Nxd4 Bd7 8. Bxc6 bxc6 9. O-O Bc5 10. f3 Ng5 11. f4 Ne4 12. Be3 O-O 13. Nd2 Nxd2 14. Qxd2 Qe7 15. Nb3 Bxe3+ 16. Qxe3 Bf5 17. c3 Be4 18. Nc5 Bf5 19. Qd4 Rab8 20. b3 Rfd8 21. Rae1 Rb5 22. b4 a5 23. a4 Rbb8 24. bxa5 Rb2 25.
Rf2 Rdb8 26. a6 Rb1 27. Rxb1 Rxb1+ 28. Rf1 Rb8 29. h3 Ra8 30. Kh2 h6 31. Rf2 Bc8 32. Rb2 Bxa6 33. Nxa6 Rxa6 34. Rb8+ Kh7 35. Qd3+ g6 36.
Qxa6 Qe6 37. Qc8 Qxc8 38. Rxc8 Kg7 39. a5 d4 40. cxd4 c5 41. dxc5 g5 42. a6 h5 43.
a7 Kg6 44. a8=Q h4 45. Qe4+ f5 46. exf6+ Kf7 47. Qe7+ Kg6 48. f7 g4 49. hxg4 h3 50.
gxh3 Kh6 51. f8=Q+ Kg6 52. Qfg7# 1-0

[Event "*** Titled Tuesday Blitz"]
[Site "Chess.com"]
[Date "2020.05.19"]
[Round "4"]
[White "louis198"]
[Black "temus_galaktionov"]
[Result "0-1"]
[WhiteElo "2493"]
[BlackElo "2704"]
[TimeControl "180+1"]
[EndTime "12:40:36 PDT"]
[Termination "temus_galaktionov won by resignation"]

1. d4 c6 2. Bf4 g6 3. e3 Bg7 4. Nf3 Nf6 5. h3 d6 6. a4 Qb6 7. Qc1 a5 8. Bc4 O-O 9. O-O Bf5 10. Ra3 Nbd7 11. Ba2 c5 12. Nc3 Rfc8 13. Rb3 Qa6 14.
Rb5 c4 15. Nd2 Nb6 16. Rxb6 Qxb6 17. Nxc4 Qb4 18. Na3 Be6 19. Bxe6 fxe6 20. Bh2 Nd5 21. Nxd5 exd5 22. b3 Rc6 23. Qb2 Rac8 24. Bg3 Qd2 25. Qb1 Bf6 26. c4 Qb4 27. cxd5 Rc3 28. Nb5 Rxb3 29.
Qe4 Kg7 30. Qe6 Rf8 31. Qd7 Qxa4 32. Bf4 Qxb5 33. Qg4 Rb1 34. Rxb1 Qxb1+ 35. Kh2 Qf5 36. Qf3 g5 37. g4 Qd3 38. Bg3 Be5 39. Qg2 Bxg3+ 40. Qxg3 Qe4 41. Qg1 Qf3 0-1

[Event "*** Titled Tuesday Blitz"]
[Site "Chess.com"]
[Date "2020.05.19"]
[Round "4"]
[White "DACF2905"]
[Black "SuperCheese"]
[Result "0-1"]
[WhiteElo "2332"]
[BlackElo "2566"]
[TimeControl "180+1"]
[EndTime "12:40:36 PDT"]
[Termination "SuperCheese won by resignation"]

1. c4 Nf6 2. Nc3 e6 3. g3 d5 4. cxd5 exd5 5. d4 Bd6 6. Bg2 c6 7. Bg5 O-O 8. e3 Bf5 9. Nge2 Nbd7 10. O-O h6 11. Bf4 Bxf4 12. Nxf4 Re8 13. Re1 Ne4 14. Nfe2 Qe7 15. Nxe4 Bxe4 16. Bxe4 dxe4 17. Nc3 Nf6 18. Rb1 Nh7 19. Qg4 Ng5 20. Kg2 g6 21. h4 f5 22.
Qf4 Nf3 23. Red1 Qf8 24. d5 Re5 25. g4 g5 26. hxg5 hxg5 27. Qg3 f4 28. Qh3 fxe3 29.
fxe3 cxd5 30. Nxd5 Rd8 31. Nc3 Nh4+ 32. Kg1 Rd3 33. Rf1 Nf3+ 34. Kg2 Rxe3 35. Rf2 Nh4+ 36.
Qxh4 gxh4 37. Rxf8+ Kxf8 38. Rf1+ Kg7 39. Rf4 Rg3+ 40.
Kh2 e3 41. Ne2 Kg6 42. Nxg3 hxg3+ 43. Kxg3 e2 0-1

[Event "*** Titled Tuesday Blitz"]
[Site "Chess.com"]
[Date "2020.05.19"]
[Round "4"]
[White "diablanni"]
[Black "gross-aleks"]
[Result "0-1"]
[WhiteElo "2326"]
[BlackElo "2566"]
[TimeControl "180+1"]
[EndTime "12:40:37 PDT"]
[Termination "gross-aleks won by checkmate"]

1. e4 c5 2. Nf3 d6 3. Bb5+ Bd7 4.
Bxd7+ Qxd7 5. c4 Nf6 6. Nc3 e5 7. d3 Be7 8. a3 Nc6 9. Rb1 Qg4 10.
O-O Nh5 11. h3 Qg6 12. Nd5 Bd8 13. b4 O-O 14. bxc5 dxc5 15. Rxb7 f5 16. Re1 fxe4 17. Rxe4 Qf5 18. Be3 Nd4 19. Bxd4 exd4 20. Qe2 a5 21. a4 Nf6 22. Nxf6+ Bxf6 23. Qb2 Rae8 24.
Nd2 Bg5 25. Rxe8 Qxf2+ 26. Kh1 Rxe8 27. Ne4 Qe1+ 28. Kh2 Be3 29. Qb1 Bf4+ 30. g3 Qe2+ 31. Kh1 Qf3+ 32. Kh2 Bxg3+ 33. Nxg3 Qf2+ 34. Kh1 Qxg3 35. Qb5 Re1# 0-1

[Event "*** Titled Tuesday Blitz"]
[Site "Chess.com"]
[Date "2020.05.19"]
[Round "4"]
[White "econpower"]
[Black "Eltaj_Safarli"]
[Result "0-1"]
[WhiteElo "2649"]
[BlackElo "2998"]
[TimeControl "180+1"]
[EndTime "12:40:38 PDT"]
[Termination "Eltaj_Safarli won by resignation"]

1. c4 Nf6 2. g3 e6 3. Bg2 d5 4. Nf3 Be7 5. O-O O-O 6. Qc2 c5 7. d3 Nc6 8. e4 dxe4 9. dxe4 Nb4 10. Qe2 Qd3 11. Qxd3 Nxd3 12. Nc3 Bd7 13. Rd1 Nxc1 14.
e5 Nxa2 15. Rxa2 Bc6 16. exf6 Bxf6 17. Ne1 Bxg2 18. Kxg2 Rfd8 19. Raa1 Rxd1 20. Rxd1 Bxc3 21. bxc3 b6 22. Rd7 a5 23. Nc2 g5 24. Kf3 h6 25.
Ke3 Kg7 26. Na3 Kf6 27. Ke4 g4 28. Kf4 h5 29. Ke4 a4 30. Ke3 Kg6 31. Rb7 Ra6 32. f4 gxf3 33. Kxf3 f5 34. Kf4 Kf6 35. h4 e5+ 36. Ke3 Kg6 37. Re7 Kf6 38. Rb7 Kg6 39. Rc7 Ra8 40. Rc6+ Kf7 41. Rxb6 Rg8 42. Kf2 Rg4 43.
Rb5 f4 44. gxf4 Rxf4+ 45. Kg3 Rg4+ 46. Kf3 Rxh4 47. Rxc5 Rh3+ 48. Ke4 Rxc3 49. Nb5 Rc1 50. Kd5 h4 51. Rc7+ Kg6 52. Rc8 Kg7 53. Rc7+ Kg6 54.
Rc6+ Kg5 55. Rc8 h3 56. Rh8 Kg4 57. c5 Kg3 58. Rg8+ Kf4 59. Rh8 Kg3 60. Rg8+ Kf2 61. Rf8+ Kg2 62. Rg8+ Kh1 63. c6 h2 64. c7 a3 65.
c8=Q Rxc8 66. Rxc8 a2 67. Ra8 Kg1 68. Rxa2 h1=Q+ 69. Kxe5 Qh5+ 0-1

[Event "*** Titled Tuesday Blitz"]
[Site "Chess.com"]
[Date "2020.05.19"]
[Round "4"]
[White "TreinadorBR"]
[Black "Gandrade2"]
[Result "1-0"]
[WhiteElo "2261"]
[BlackElo "2034"]
[TimeControl "180+1"]
[EndTime "12:40:38 PDT"]
[Termination "TreinadorBR won on time"]

1. e4 c6 2. d4 d5 3. e5 c5 4.
Nf3 cxd4 5. Nxd4 e6 6. Be2 Nc6 7. Nxc6 bxc6 8. O-O Ne7 9. Kh1 Ng6 10. f4 Be7 11. Nd2 O-O 12. Nf3 c5 13. c3 Bb7 14.
Be3 Qc7 15. Qe1 f6 16. exf6 Rxf6 17. Qd2 Raf8 18. Ng5 Qd6 19. Bg4 Bc8 20. a3 Nxf4 21. Bxf4 Rxf4 22. Rxf4 Rxf4 23. Bxe6+ Bxe6 24. Nxe6 Re4 25. Ng5 Bxg5 26. Qxg5 Qe6 27. Qd8+ Kf7 28. Qc7+ Kg6 29.
Qxc5 Re2 30. Qxa7 Qe4 31. Rg1 Rxb2 32. Qa6+ Kf7 33. Qa5 Qe2 34. Qc7+ Ke6 35. Qc6+ Ke7 36. Qxd5 Rd2 37. Qc5+ 1-0

[Event "*** Titled Tuesday Blitz"]
[Site "Chess.com"]
[Date "2020.05.19"]
[Round "4"]
[White "woodhy"]
[Black "Kensei26"]
[Result "1-0"]
[WhiteElo "2449"]
[BlackElo "2260"]
[TimeControl "180+1"]
[EndTime "12:40:39 PDT"]
[Termination "woodhy won by resignation"]

1. e4 d6 2. Nf3 Nf6 3. Nc3 g6 4. d4 Bg7 5. h3 O-O 6. Be3 c6 7. Bd3 Qc7 8. O-O Nbd7 9. Ne2 Re8 10. Ng3 e5 11. c3 d5 12. dxe5 Nxe5 13. Nxe5 Qxe5 14. f4 Qc7 15. e5 Nd7 16. Qf3 Nf8 17.
h4 Be6 18. h5 c5 19. hxg6 hxg6 20. Rae1 Rad8 21. Bb1 d4 22. cxd4 cxd4 23. Bd2 Bd5 24. Qg4 Qc6 25. Ne4 Nh7 26. Kf2 Qb6 27. b3 d3+ 28.
Be3 Qa5 29. Bd2 Qb6+ 30. Be3 Qa5 31. Nd2 Be6 32. Qh4 Bf5 33. Rh1 g5 34. Qh2 gxf4 35.
Bxf4 Rxe5 36. Bxe5 Qxd2+ 37. Kf1 Re8 38. Qg3 Ng5 39.
Bxg7 Rxe1+ 40. Qxe1 Qxe1+ 41. Kxe1 Kxg7 42. Kd2 Ne6 43. Bxd3 Bg4 44. Ke3 f5 45. g3 Kf6 46.
Rh7 Nc5 47. b4 Nxd3 48. Kxd3 a5 49. bxa5 Bf3 50. Ke3 Bc6 51. a6 bxa6 52. Rh6+ Ke5 53. Rxc6 Kd5 54. Rxa6 Ke5 55. Ra5+ Kf6 56. Kf4 Ke6 57.
Rxf5 Kd6 58. g4 1-0

[Event "*** Titled Tuesday Blitz"]
[Site "Chess.com"]
[Date "2020.05.19"]
[Round "4"]
[White "LiemLe"]
[Black "Rodalquilar"]
[Result "0-1"]
[WhiteElo "2951"]
[BlackElo "2638"]
[TimeControl "180+1"]
[EndTime "12:40:40 PDT"]
[Termination "Rodalquilar won by resignation"]

1. Nf3 d5 2. d4 Nf6 3. c4 e6 4. g3 Bb4+ 5. Nbd2 O-O 6. Bg2 dxc4 7. Qc2 b5 8. a4 c6 9. axb5 cxb5 10. Ng5 h6 11. Bxa8 hxg5 12. O-O Qxd4 13. Nf3 Qb6 14. Nxg5 Nc6 15. Be3 Bc5 16. Bxc5 Qxc5 17. Bxc6 Qxc6 18. Nf3 a6 19. b3 c3 20. b4 Bb7 21. Rfc1 Rc8 22.
Qb3 Ne4 23. Qd1 Nd2 24. Ra3 Rd8 25. Kg2 Rd3 26. exd3 Nxf3 27. Raxc3 Ne1+ 28. Kf1 Qh1+ 29. Ke2 Bf3+ 30. Kd2 Bxd1 31. Rxd1 Nf3+ 32. Ke2 Nd4+ 33. Kd2 Qf3 34. Rc8+ Kh7 35. Kc3 Qxd1 36. Kxd4 Qb3 37.
Ke3 Qxb4 38. Rc7 f6 39. Rc6 a5 40. Rxe6 Qe1+ 0-1

[Event "*** Titled Tuesday Blitz"]
[Site "Chess.com"]
[Date "2020.05.19"]
[Round "4"]
[White "GM_dmitrij"]
[Black "szachuspl"]
[Result "0-1"]
[WhiteElo "2888"]
[BlackElo "2550"]
[TimeControl "180+1"]
[EndTime "12:40:40 PDT"]
[Termination "szachuspl won by checkmate"]

1. e4 c6 2. d4 d5 3. e5 Bf5 4.
h4 h5 5. c4 e6 6. Nc3 Nd7 7.
cxd5 cxd5 8. Bd3 Bxd3 9. Qxd3 a6 10. Bg5 Be7 11. Nf3 Bxg5 12. hxg5 Ne7 13. g4 h4 14.
Rxh4 Rxh4 15. Nxh4 g6 16. f4 Qb6 17. O-O-O O-O-O 18. Nf3 Rh8 19. Nd2 Kb8 20. Nb3 Qb4 21.
Kb1 Rh2 22. Qg3 Rh8 23. Ne2 Nb6 24. Nc5 Nc4 25. b3 Ka7 26. Ka1 Na3 27. Qc3 Qxc3+ 28. Nxc3 Rh2 29. Rf1 Nc2+ 30. Kb1 Nxd4 31. Nd7 Nec6 32.
Nf6 Nb4 33. Rd1 Ndc2 34. Ne8 Na3+ 35. Ka1 Rc2 36. Nd6 Rxc3 37. Kb2 Rc2+ 38. Kxa3 a5 39. Ka4 Ka6 40. a3 Ra2 41. Rc1 Nc2 42. Nb5 Nxa3 43. Nxa3 b5# 0-1

[Event "*** Titled Tuesday Blitz"]
[Site "Chess.com"]
[Date "2020.05.19"]
[Round "4"]
[White "RobertoJBM"]
[Black "DortmundCity"]
[Result "0-1"]
[WhiteElo "2635"]
[BlackElo "2489"]
[TimeControl "180+1"]
[EndTime "12:40:40 PDT"]
[Termination "DortmundCity won by resignation"]

1. d4 d5 2. c4 c6 3. Nf3 Nf6 4. Nc3 e6 5. Bg5 h6 6. Bh4 dxc4 7. e4 g5 8. Bg3 b5 9. h4 g4 10. Ne5 h5 11. Be2 b4 12. Na4 Nxe4 13. Bxc4 Nxg3 14. fxg3 Bg7 15. Nc5 O-O 16. Qd2 Bxe5 17. dxe5 Qxd2+ 18. Kxd2 Nd7 19. Nxd7 Bxd7 20. Ke3 c5 21. Rhd1 Bc6 22.
Rd6 Bxg2 23. Rad1 Bf3 24. R1d2 Kg7 25. Rd7 Bc6 26. Rc7 Rfc8 27. Rxc8 Rxc8 28. Rd6 Bd5 29. Bxd5 exd5 30. Rxd5 c4 31. Kd2 c3+ 32. bxc3 Rxc3 33.
Rd7 Kg6 34. Rxa7 Rxg3 35. Ra6+ Kf5 36. Rf6+ Kxe5 37. Rxf7 Ra3 38. Rh7 Rxa2+ 39. Kd3 Ra8 40. Rxh5+ Kf4 41. Rb5 Kg3 42. Rxb4 Kxh4 43. Ke2 Rf8 44. Rb3 g3 45. Rb7 Kh3 46. Rh7+ Kg2 47. Re7 Kg1 48. Ke1 g2 49. Ke2 Rh8 50. Rg7 Kh1 51.
Kf2 Rf8+ 52. Ke2 g1=Q 53. Rh7+ 0-1

[Event "*** Titled Tuesday Blitz"]
[Site "Chess.com"]
[Date "2020.05.19"]
[Round "4"]
[White "enriquetejedor"]
[Black "Borsuk_Konstantin"]
[Result "1-0"]
[WhiteElo "2482"]
[BlackElo "2625"]
[TimeControl "180+1"]
[EndTime "12:40:40 PDT"]
[Termination "enriquetejedor won by resignation"]

1. e4 e6 2. d4 d5 3. Nc3 Bb4 4. Ne2 Nc6 5. a3 Ba5 6. b4 Bb6 7. Be3 Nge7 8. exd5 Nxd5 9. Nxd5 exd5 10. c3 Ne7 11. Ng3 c6 12. Bd3 Bc7 13. O-O O-O 14.
Qc2 h6 15. Qd2 f5 16. Bf4 Bxf4 17. Qxf4 Ng6 18. Qd2 Qg5 19. Qxg5 hxg5 20. Rfe1 Bd7 21. Ne2 Rf6 22. Nc1 Kf7 23. Nb3 Rh8 24. a4 Nf4 25.
Bf1 Rfh6 26. h3 g4 27. Nc5 Bc8 28. a5 gxh3 29. g3 h2+ 30. Kh1 Nh3 31. Nd3 f4 32. g4 Bxg4 33. Ne5+ Kf8 34. Nxg4 Rh4 35. Bxh3 Rxh3 36.
Ne5 R8h6 37. f3 g5 38. Rf1 Ke7 39. Ng4 Rh8 40. Rae1+ Kd7 41. Nf6+ Kc8 42. Re7 Rg3 43. a6 bxa6 44. Rxa7 Kb8 45. Rxa6 Kb7 46. Ra2 Rhh3 47. Raf2 Rxf3 48. Rxf3 1-0

[Event "*** Titled Tuesday Blitz"]
[Site "Chess.com"]
[Date "2020.05.19"]
[Round "4"]
[White "Jagerrmeisterr"]
[Black "Benjoneliere44"]
[Result "1-0"]
[WhiteElo "2659"]
[BlackElo "2480"]
[TimeControl "180+1"]
[EndTime "12:40:41 PDT"]
[Termination "Jagerrmeisterr won by resignation"]

1. e4 c5 2. Nc3 Nc6 3. g3 g6 4.
Bg2 Bg7 5. d3 Nd4 6. Be3 Qa5 7.
Qd2 d6 8. f4 Nf6 9. Nf3 Ng4 10.
Bg1 f5 11. h3 Nh6 12. Be3 O-O 13.
O-O e6 14. Kh1 Bd7 15. a3 Nxf3 16. Bxf3 Bc6 17. g4 Qc7 18. Rae1 Rae8 19. Qg2 Kh8 20. g5 Ng8 21. h4 Ne7 22. h5 Kg8 23. Re2 fxe4 24. dxe4 e5 25. Bg4 Bd7 26. hxg6 hxg6 27. f5 gxf5 28. exf5 Bxf5 29. Nd5 Qd7 30. Nf6+ Bxf6 31.
gxf6 Bxg4 32. Ref2 Ng6 33. f7+ Kh8 34. fxe8=Q Rxe8 35.
Rf7 Qc8 36. Qh2+ Bh3 37. R1f3 Kg8 38. R7f6 Re6 39. Qxh3 1-0

[Event "*** Titled Tuesday Blitz"]
[Site "Chess.com"]
[Date "2020.05.19"]
[Round "4"]
[White "Gromes7"]
[Black "DDTerziev04"]
[Result "0-1"]
[WhiteElo "2021"]
[BlackElo "2255"]
[TimeControl "180+1"]
[EndTime "12:40:41 PDT"]
[Termination "DDTerziev04 won by resignation"]

1. d4 d5 2. Nf3 Nf6 3. g3 c5 4. Bg2 Nc6 5. O-O Bg4 6. c4 Bxf3 7. Bxf3 Nxd4 8. Qa4+ Nc6 9. cxd5 Nxd5 10. Rd1 e6 11. e4 Qf6 12. exd5 Qxf3 13. dxc6 b5 14. Qc2 Qxc6 15. Nd2 Be7 16. Qe4 Qc8 17. Nf3 O-O 18. Be3 h6 19. Rac1 c4 20. Ne5 Re8 21. a3 Bf6 22. Rd6 Qc7 23. Rcd1 Rac8 24. Bf4 Be7 25. Rd7 Qb6 26. Be3 Bc5 27. Bxc5 Qxc5 28. Rxf7 Red8 29.
Rfd7 Rf8 30. Ng6 Rxf2 31. Rd8+ Rf8+ 32. Qd4 Rfxd8 33. Qxc5 Rxd1+ 0-1

[Event "*** Titled Tuesday Blitz"]
[Site "Chess.com"]
[Date "2020.05.19"]
[Round "4"]
[White "Last7Samurai"]
[Black "Rozum_Ivan"]
[Result "1/2-1/2"]
[WhiteElo "2827"]
[BlackElo "2604"]
[TimeControl "180+1"]
[EndTime "12:40:42 PDT"]
[Termination "Game drawn by repetition"]

1. e4 c6 2. d4 d5 3. exd5 cxd5 4. Bf4 Nc6 5. c3 Bf5 6. Nf3 e6 7. Nbd2 Nf6 8. Qb3 Qc8 9. Nh4 Bg4 10. h3 Bh5 11. g4 Bg6 12. Nxg6 hxg6 13. Bg2 Be7 14. O-O O-O 15. Rfe1 a6 16. Qd1 b5 17. Bf3 Nd7 18. Kg2 Qd8 19. Qe2 Bg5 20. Bg3 Bh4 21.
Nf1 Re8 22. Rad1 Nb6 23. Rd3 Ra7 24. Kh2 Rd7 25. Nd2 Bxg3+ 26. fxg3 e5 27. dxe5 Nxe5 28. Re3 Rde7 29. Kg2 Nbc4 30. Nxc4 dxc4 31. Be4 Nd3 32. Rf1 Qb6 33. Qf3 Nxb2 34. Re2 Na4 35. Ref2 Rxe4 36.
Qxf7+ Kh7 37. Rf6 Re2+ 38. Kh1 Qe3 39. Qxg6+ Kg8 40. Qf7+ Kh7 41. Qh5+ Kg8 42. Qf7+ Kh7 43. Qh5+ Kg8 44. Qf7+ 1/2-1/2